 Dungeon Crawl Stone Soup version 0.30-a0-170-g85af917532 (webtiles) character file.

Game seed: 1884875439282664046

3461 qw the Cleaver (level 10, -1/63 HPs)
             Began as a Gargoyle Fighter on Sept 30, 2022.
             Was a Follower of Okawaru.
             Slain by a two-headed ogre
             ... wielding a +0 giant spiked club
              (9 damage)
             ... on level 8 of the Dungeon.
             The game lasted 00:03:29 (9555 turns).

qw the Cleaver (Gargoyle Fighter)                   Turns: 9555, Time: 00:03:30

Health: -1/63      AC: 27    Str: 23    XL:     10   Next: 6%
Magic:  9/11       EV:  7    Int: 10    God:    Okawaru [*.....]
Gold:   439        SH: 11    Dex:  9    Spells: 9/9 levels left

rFire   . . .      SeeInvis .    Y - +7 broad axe (elec)
rCold   + . .      Faith    .    r - +0 kite shield
rNeg    + . .      Spirit   .    c - +0 plate armour
rPois   inf        Reflect  .    (no helmet)
rElec   +          Harm     .    n - +0 cloak
rCorr   .          Rampage  .    (no gloves)
Will    .....                    (no boots)
Stlth   ..........               k - amulet of the acrobat
HPRegen 0.20/turn                o - +4 ring of protection
MPRegen 0.12/turn                m - ring of protection from cold

@: about to teleport, heroic
A: sickness immunity, AC +7, negative energy resistance 1, electricity
resistance, torment resistance 1, petrification resistance
a: Renounce Religion, Heroism


You were on level 8 of the Dungeon.
You worshipped Okawaru.
Okawaru was aware of your devotion.
You visited 2 branches of the dungeon, and saw 9 of its levels.
You also visited: Ossuary.

You collected 493 gold pieces.
You spent 54 gold pieces at shops.


Innate Abilities, Weirdness & Mutations

You are immune to sickness and miasma.
Your stone body is resilient. (AC +7)
You are immune to poison.
You resist negative energy. (rN+)
You are resistant to electric shocks. (rElec)
You are resistant to unholy torment.
You are immune to petrification.


   Skills:
 - Level 7.0(12.0) Fighting
 - Level 9.0(14.0) Axes
 - Level 5.4(10.4) Armour
 - Level 1.0(6.0) Dodging
 + Level 8.5(13.5) Shields
 + Level 1.5 Invocations


You had 9 spell levels left.
You didn't know any spells.
Your spell library was empty.

Inventory:

Hand Weapons
 a - a +0 flail of protection
 Y - a +7 broad axe of electrocution (weapon)
Armour
 c - a +0 plate armour (worn)
 n - a +0 cloak (worn)
 r - a +0 kite shield (worn)
Jewellery
 k - an amulet of the acrobat (around neck)
 m - a ring of protection from cold (right hand)
 o - a +4 ring of protection (left hand)
Scrolls
 b - a scroll of identify
Potions
 d - 4 potions of might
 f - a potion of haste
 g - a potion of cancellation
 h - 3 potions of curing
 i - a potion of attraction
 j - a potion of mutation
 l - 3 potions of heal wounds
 t - 3 potions of resistance

Dungeon Overview and Level Annotations

Branches:
Dungeon (8/15)             Temple (1/1) D:7         Ossuary (visited)
   Lair: D:8-11

Altars:
Ashenzari
Cheibriados
Dithmenos
Elyvilon
Fedhas
Gozag
Hepliaklqana
Kikubaaqudgha
Makhleb
Nemelex Xobeh
Okawaru
Qazlal
Sif Muna
Trog
Uskayaw
Vehumet
Xom
Yredelemnul
Zin
The Shining One

Shops:
D:2 [

Portals:
Abyss: D:5

Annotations:
D:5 2 transporters, qw's ghost, novice GrFi


Message History

The orc wizard hits you but does no damage.
You slice the orc wizard!!
You kill the orc wizard!
Okawaru accepts your kill.
You hit the orc. You block the orc's attack.
You hit the orc but do no damage.
The orc is lightly wounded.
The orc hits you but does no damage.
You hit the orc.
The orc is moderately wounded.
You block the orc's attack.
You hit the orc. Lightning courses through the orc!
You kill the orc!
Okawaru accepts your kill.
You completely miss the two-headed ogre.
You block the two-headed ogre's attack.
The two-headed ogre hits you with a +0 giant club!
You slash the two-headed ogre!
The two-headed ogre is lightly wounded.
You slash the two-headed ogre!
Lightning courses through the two-headed ogre!!
The two-headed ogre is severely wounded.
The two-headed ogre hits you with a +0 giant spiked club!!
The two-headed ogre hits you but does no damage.
You barely miss the two-headed ogre.
The two-headed ogre is severely wounded.
You block the two-headed ogre's attack.
The two-headed ogre hits you but does no damage.
You slash the two-headed ogre!
The two-headed ogre is almost dead.
You hit the two-headed ogre.
The two-headed ogre is almost dead.
The two-headed ogre hits you with a +0 giant spiked club!!
The two-headed ogre hits you with a +0 giant club.
9555 ||| READING scroll of teleportation.
As you read the scroll of teleportation, it crumbles to dust.
You feel strangely unstable.
The two-headed ogre hits you with a +0 giant spiked club!
You die...

........ ........
............ ........
##.......... .......##
#..........
..........#.........
..)................#
........!..........#
)..............)O).######
)...............@#.#zzyl
...................#########.
..............#.#............
##........... ####...########
..........>. #...###
..<........ #.##.....#
..........#. #.#.....##
............ #....#..###
.........##.###....#....###


You could see a two-headed ogre.

Vanquished Creatures
  A wraith (Ossuary)
  A steam dragon (D:8)
  A water moccasin (D:6)
  Pargi (D:3)
  Duvessa (D:6)
  A black bear (D:7)
  An orc warrior (D:7)
  5 centaurs
  A kobold brigand (D:8)
  3 bullfrogs (D:8)
  A gnoll sergeant (D:7)
  2 necrophages (D:6)
  4 scorpions
  4 wights (D:7)
  Dowan (D:6)
  7 killer bees (D:8)
  2 howler monkeys
  2 jellies
  4 hounds
  2 gnoll boudas
  An orc priest (D:8)
  Natasha (thrice) (D:3)
  7 iguanas
  3 orc wizards
  2 mummies
  18 gnolls
  A river rat (D:3)
  9 adders
  2 white imps (D:6)
  2 worms
  3 dart slugs
  14 orcs
  5 endoplasms
  3 giant cockroaches
  5 hobgoblins
  4 jackals
  13 kobolds
  3 quokkas
  6 ball pythons
  2 bats
  5 frilled lizards
  5 gnoll skeletons (Ossuary)
  5 goblins
  9 kobold skeletons (Ossuary)
  8 orc skeletons (Ossuary)
  12 rats
195 creatures vanquished.

Vanquished Creatures (collateral kills)
  2 orc skeletons (Ossuary)
2 creatures vanquished.

Grand Total: 197 creatures vanquished

Notes
Turn   | Place    | Note
-------+----------+-------------------------------------------
     0 | D:1      | qw the Gargoyle Fighter began the quest for the Orb.
     0 | D:1      | Reached XP level 1. HP: 14/14 MP: 1/1
     0 | D:1      | 0 ||| qw: Version: 0.2-a-12-gaebbb33
     0 | D:1      | 0 ||| qw: Game counter: 1488
     0 | D:1      | 0 ||| qw: Always use a shield: true
     0 | D:1      | 0 ||| qw: God list: Okawaru
     0 | D:1      | 0 ||| qw: Allow faded altars: false
     0 | D:1      | 0 ||| qw: Do Orc after D:15 true
     0 | D:1      | 0 ||| qw: Do second Lair branch before Depths: true
     0 | D:1      | 0 ||| qw: Lair rune preference: random
     0 | D:1      | 0 ||| qw: Plans: Normal, Zot:1-4, God:TSO, Crypt, Tomb,
                  | Pan, Slime:5, Hells, Abyss, Orb
     0 | D:1      | 0 ||| PLANNING D:1-11
    88 | D:1      | Reached skill level 2 in Axes
   265 | D:1      | 265 ||| Stepping ~*~*~tactically~*~*~ (stealth).
   324 | D:1      | Reached XP level 2. HP: 19/19 MP: 2/2
   328 | D:1      | 328 ||| Stepping ~*~*~tactically~*~*~ (stealth).
   717 | D:1      | 717 ||| UPGRADING to +0 cloak.
   722 | D:1      | 722 ||| UPGRADING to amulet of the acrobat.
   727 | D:1      | 727 ||| READING 3 scrolls labelled YRPHOY MUJAROKH.
   731 | D:1      | 731 ||| READING 2 scrolls labelled TAZEJE LENE.
   732 | D:1      | 732 ||| READING scroll labelled TETOIRRAPNA.
   733 | D:1      | 733 ||| READING scroll labelled TAETHU ABINURE.
   734 | D:1      | 734 ||| READING scroll labelled TAOGAV ANYSM.
   735 | D:1      | 735 ||| DROPPING scroll of fear.
   745 | D:2      | 745 ||| STAIRDANCE
   844 | D:2      | 844 ||| Stepping ~*~*~tactically~*~*~ (stealth).
   845 | D:2      | 845 ||| Stepping ~*~*~tactically~*~*~ (stealth).
   855 | D:2      | Found Laenem's Armour Shoppe.
   864 | D:2      | 864 ||| BUYING +0 chain mail (54 gold).
   864 | D:2      | Bought a +0 chain mail for 54 gold pieces
   911 | D:2      | Reached skill level 3 in Axes
   915 | D:2      | Reached XP level 3. HP: 14/23 MP: 3/3
  1366 | D:2      | Found a faded altar of an unknown god.
  1912 | D:2      | 1912 ||| UPGRADING to +0 chain mail.
  1922 | D:2      | 1922 ||| DROPPING +0 scale mail.
  1923 | D:2      | 1923 ||| READING scroll labelled HIMIS FI XERCH.
  1924 | D:2      | 1924 ||| READING scroll labelled ZYCVAXZ OROEXT.
  2041 | D:3      | 2041 ||| PLANNING SEWER
  2073 | D:3      | 2073 ||| FLEEEEING.
  2074 | D:3      | 2074 ||| STAIRDANCE
  2140 | D:3      | Reached XP level 4. HP: 28/28 MP: 4/4
  2193 | D:3      | Noticed Natasha
  2196 | D:3      | Killed Natasha
  2197 | D:3      | Reached skill level 4 in Axes
  2198 | D:3      | 2198 ||| FLEEEEING.
  2200 | D:3      | 2200 ||| Stepping ~*~*~tactically~*~*~ (stealth).
  2201 | D:3      | 2201 ||| Stepping ~*~*~tactically~*~*~ (stealth).
  2206 | D:3      | 2206 ||| Stepping ~*~*~tactically~*~*~ (stealth).
  2207 | D:3      | 2207 ||| Stepping ~*~*~tactically~*~*~ (stealth).
  2219 | D:3      | Noticed Natasha
  2220 | D:3      | 2220 ||| Stepping ~*~*~tactically~*~*~ (hiding).
  2228 | D:3      | Killed Natasha
  2271 | D:3      | Noticed Natasha
  2272 | D:3      | 2272 ||| Stepping ~*~*~tactically~*~*~ (stealth).
  2273 | D:3      | 2273 ||| Stepping ~*~*~tactically~*~*~ (stealth).
  2283 | D:3      | Killed Natasha
  2284 | D:3      | Reached XP level 5. HP: 14/32 MP: 5/5
  2544 | D:3      | 2544 ||| Stepping ~*~*~tactically~*~*~ (stealth).
  2548 | D:3      | 2548 ||| Stepping ~*~*~tactically~*~*~ (stealth).
  2551 | D:3      | 2551 ||| Stepping ~*~*~tactically~*~*~ (stealth).
  2560 | D:3      | 2560 ||| Stepping ~*~*~tactically~*~*~ (stealth).
  2663 | D:3      | Reached skill level 5 in Axes
  2789 | D:3      | 2789 ||| RIP SEWER
  2792 | D:3      | 2792 ||| PLANNING D:1-11
  3052 | D:3      | Noticed Pargi
  3101 | D:3      | HP: 7/33 [Pargi (3)]
  3102 | D:3      | 3102 ||| READING 2 scrolls of teleportation.
  3102 | D:3      | HP: 3/33 [Pargi (2)]
  3419 | D:3      | 3419 ||| Stepping ~*~*~tactically~*~*~ (hiding).
  3428 | D:3      | Reached XP level 6. HP: 26/38 MP: 6/6
  3437 | D:3      | HP: 9/38 [gnoll/+0 flail (5)]
  3438 | D:3      | 3438 ||| READING scroll of teleportation.
  3439 | D:3      | HP: 2/38 [gnoll/+0 flail (8)]
  3576 | D:3      | 3576 ||| FLEEEEING.
  3577 | D:3      | 3577 ||| FLEEEEING.
  3578 | D:3      | 3578 ||| FLEEEEING.
  3579 | D:3      | 3579 ||| FLEEEEING.
  3580 | D:3      | 3580 ||| FLEEEEING.
  3582 | D:3      | 3582 ||| FLEEEEING.
  3583 | D:3      | 3583 ||| FLEEEEING.
  3584 | D:3      | 3584 ||| FLEEEEING.
  3585 | D:3      | 3585 ||| FLEEEEING.
  3586 | D:3      | 3586 ||| FLEEEEING.
  3587 | D:3      | 3587 ||| FLEEEEING.
  3589 | D:3      | 3589 ||| FLEEEEING.
  3591 | D:3      | 3591 ||| FLEEEEING.
  3593 | D:3      | 3593 ||| FLEEEEING.
  3594 | D:3      | 3594 ||| FLEEEEING.
  3595 | D:3      | 3595 ||| FLEEEEING.
  3596 | D:3      | 3596 ||| FLEEEEING.
  3598 | D:3      | 3598 ||| FLEEEEING.
  3599 | D:3      | 3599 ||| STAIRDANCE
  3760 | D:3      | Killed Pargi
  3761 | D:3      | 3761 ||| STAIRDANCE
  4306 | D:3      | 4306 ||| DROPPING +0 flail.
  4510 | D:4      | Reached skill level 6 in Axes
  4581 | D:4      | Found a blossoming altar of Fedhas.
  4630 | D:4      | Reached skill level 1 in Dodging
  4719 | D:4      | Reached XP level 7. HP: 43/43 MP: 7/7
  5101 | D:4      | 5101 ||| UPGRADING to +0 kite shield.
  5111 | D:4      | 5111 ||| DROPPING +0 buckler.
  5112 | D:4      | 5112 ||| READING scroll labelled LEAPEK UPRUTS.
  5113 | D:4      | 5113 ||| READING scroll labelled ISKUSO VINNIG.
  5114 | D:4      | 5114 ||| DRINKING 2 bubbling amethyst potions.
  5132 | D:5      | Entered Level 5 of the Dungeon
  5140 | D:5      | 5140 ||| STAIRDANCE
  5263 | D:5      | HP: 9/43 [centaur/arrow (6)]
  5264 | D:5      | 5264 ||| READING scroll of teleportation.
  5273 | D:5      | 5273 ||| Stepping ~*~*~tactically~*~*~ (stealth).
  5284 | D:5      | 5284 ||| Stepping ~*~*~tactically~*~*~ (stealth).
  5286 | D:5      | 5286 ||| Stepping ~*~*~tactically~*~*~ (stealth).
  5297 | D:5      | 5297 ||| Stepping ~*~*~tactically~*~*~ (stealth).
  5298 | D:5      | 5298 ||| Stepping ~*~*~tactically~*~*~ (stealth).
  5494 | D:5      | 5494 ||| Stepping ~*~*~tactically~*~*~ (stealth).
  5582 | D:5      | Found a one-way gate to the infinite horrors of the Abyss.
  5582 | D:5      | Noticed qw's ghost (novice GrFi)
  5591 | D:5      | Found a transporter.
  5727 | D:5      | Reached skill level 6 in Shields
  5840 | D:5      | Found a transporter.
  5868 | D:5      | Reached XP level 8. HP: 40/48 MP: 8/8
  6395 | D:5      | 6395 ||| READING scroll labelled UCONATS QYOCIK.
  6395 | D:5      | Identified a scroll of acquirement
  6395 | D:5      | 6395 ||| ACQUIRING +5 broad axe of electrocution
  6395 | D:5      | Acquired a +5 broad axe of electrocution
  6397 | D:5      | 6397 ||| SWAPPING to +5 broad axe of electrocution.
  6398 | D:5      | 6398 ||| DROPPING +0 vorpal war axe.
  6399 | D:5      | 6399 ||| DRINKING 2 glowing clear potions.
  6400 | D:5      | 6400 ||| DRINKING 2 purple potions.
  6401 | D:5      | 6401 ||| READING 3 scrolls of identify.
  6401 | D:5      | 6401 ||| IDENTIFYING bubbling black potion
  6402 | D:5      | 6402 ||| READING 2 scrolls of identify.
  6402 | D:5      | 6402 ||| IDENTIFYING sedimented sapphire potion
  6403 | D:5      | 6403 ||| DROPPING potion of degeneration.
  6420 | D:6      | 6420 ||| PLANNING OSSUARY
  6425 | D:6      | Reached skill level 7 in Axes
  6729 | D:6      | 6729 ||| Stepping ~*~*~tactically~*~*~ (hiding).
  6797 | D:6      | Found a sand-covered staircase.
  6798 | D:6      | 6798 ||| FLEEEEING.
  6799 | D:6      | 6799 ||| FLEEEEING.
  6802 | D:6      | 6802 ||| FLEEEEING.
  6803 | D:6      | 6803 ||| FLEEEEING.
  6804 | D:6      | 6804 ||| FLEEEEING.
  6807 | D:6      | 6807 ||| FLEEEEING.
  6808 | D:6      | 6808 ||| FLEEEEING.
  6818 | D:6      | 6818 ||| READING scroll labelled UNWAUZULOE.
  6819 | D:6      | 6819 ||| READING scroll labelled USYRONN CENE.
  6820 | D:6      | 6820 ||| READING 2 scrolls of identify.
  6820 | D:6      | 6820 ||| IDENTIFYING inky potion
  6823 | D:6      | 6823 ||| FLEEEEING.
  6824 | D:6      | 6824 ||| FLEEEEING.
  6832 | D:6      | 6832 ||| STAIRDANCE
  6836 | D:6      | 6836 ||| STAIRDANCE
  6842 | D:6      | Noticed Duvessa
  6849 | D:6      | Killed Duvessa
  6850 | D:6      | 6850 ||| STAIRDANCE
  6952 | Ossuary  | Entered an ossuary
  6952 | Ossuary  | Noticed a wraith
  6952 | Ossuary  | Noticed a wraith
  6952 | Ossuary  | Noticed a wraith
  7013 | Ossuary  | Noticed a wraith
  7027 | Ossuary  | Killed a wraith
  7029 | Ossuary  | 7029 ||| READING scroll labelled HACZIG SAUGOD.
  7030 | Ossuary  | 7030 ||| READING 2 scrolls of identify.
  7030 | Ossuary  | 7030 ||| IDENTIFYING yellow potion
  7031 | Ossuary  | 7031 ||| DROPPING potion of brilliance.
  7032 | Ossuary  | 7032 ||| Stepping randomly (stuck).
  7034 | Ossuary  | 7034 ||| Stepping randomly (stuck).
  7035 | Ossuary  | 7035 ||| Stepping randomly (stuck).
  7037 | Ossuary  | 7037 ||| Stepping randomly (stuck).
  7038 | Ossuary  | 7038 ||| Stepping randomly (stuck).
  7043 | Ossuary  | 7043 ||| Stepping randomly (stuck).
  7044 | Ossuary  | 7044 ||| Stepping randomly (stuck).
  7045 | Ossuary  | 7045 ||| Stepping randomly (stuck).
  7061 | Ossuary  | 7061 ||| READING scroll labelled HOPIEF DUIVE SAL.
  7062 | Ossuary  | 7062 ||| READING scroll labelled FAOBRO JEYTZODGH.
  7063 | Ossuary  | 7063 ||| Stepping randomly (stuck).
  7068 | Ossuary  | 7068 ||| READING scroll of enchant weapon.
  7068 | Ossuary  | 7068 ||| ENCHANTING +6 broad axe of electrocution.
  7199 | D:6      | 7199 ||| PLANNING D:1-11
  7209 | D:6      | Found a glowing golden altar of the Shining One.
  7212 | D:6      | 7212 ||| Stepping ~*~*~tactically~*~*~ (hiding).
  7213 | D:6      | 7213 ||| Stepping ~*~*~tactically~*~*~ (hiding).
  7525 | D:6      | Reached XP level 9. HP: 54/54 MP: 9/9
  7539 | D:6      | Reached skill level 8 in Axes
  7746 | D:6      | Noticed Dowan
  7755 | D:6      | Killed Dowan
  7944 | D:6      | 7944 ||| UPGRADING to +4 ring of protection.
  7945 | D:6      | 7945 ||| DRINKING 2 black potions.
  7946 | D:6      | 7946 ||| DRINKING 2 viscous green potions.
  7947 | D:6      | 7947 ||| DROPPING potion of flight.
  7991 | D:7      | 7991 ||| Stepping ~*~*~tactically~*~*~ (stealth).
  8008 | D:7      | Reached skill level 6 in Fighting
  8119 | D:7      | 8119 ||| FLEEEEING.
  8120 | D:7      | 8120 ||| FLEEEEING.
  8280 | D:7      | 8280 ||| Stepping ~*~*~tactically~*~*~ (stealth).
  8295 | D:7      | 8295 ||| FLEEEEING.
  8296 | D:7      | 8296 ||| FLEEEEING.
  8298 | D:7      | 8298 ||| FLEEEEING.
  8299 | D:7      | 8299 ||| FLEEEEING.
  8303 | D:7      | 8303 ||| FLEEEEING.
  8304 | D:7      | 8304 ||| FLEEEEING.
  8305 | D:7      | 8305 ||| FLEEEEING.
  8306 | D:7      | 8306 ||| FLEEEEING.
  8307 | D:7      | 8307 ||| FLEEEEING.
  8308 | D:7      | 8308 ||| FLEEEEING.
  8309 | D:7      | 8309 ||| FLEEEEING.
  8310 | D:7      | 8310 ||| FLEEEEING.
  8311 | D:7      | 8311 ||| FLEEEEING.
  8312 | D:7      | 8312 ||| FLEEEEING.
  8313 | D:7      | 8313 ||| STAIRDANCE
  8380 | D:6      | 8380 ||| UPGRADING to +0 plate armour.
  8390 | D:6      | 8390 ||| DROPPING +0 chain mail.
  8393 | D:7      | 8393 ||| STAIRDANCE
  8493 | D:7      | 8493 ||| Stepping ~*~*~tactically~*~*~ (stealth).
  8733 | D:7      | Found a staircase to the Ecumenical Temple.
  8734 | D:7      | 8734 ||| PLANNING TEMPLE
  8734 | D:7      | 8734 ||| DRINKING 2 bubbling purple potions.
  8839 | D:7      | 8839 ||| READING 2 scrolls of identify.
  8839 | D:7      | 8839 ||| IDENTIFYING ruby potion
  8840 | D:7      | 8840 ||| DROPPING potion of berserk rage.
  8841 | D:7      | 8841 ||| DROPPING potion of magic.
  8851 | Temple   | Entered the Ecumenical Temple
  8906 | Temple   | 8906 ||| PLANNING OKAWARU WORSHIP
  8977 | Temple   | Became a worshipper of Warmaster Okawaru
  8978 | Temple   | 8978 ||| PLANNING D:1-11
  9144 | D:7      | 9144 ||| UPGRADING to ring of protection from cold.
  9165 | D:8      | 9165 ||| Stepping ~*~*~tactically~*~*~ (stealth).
  9182 | D:8      | Reached skill level 9 in Axes
  9204 | D:8      | 9204 ||| Stepping ~*~*~tactically~*~*~ (hiding).
  9214 | D:8      | 9214 ||| Stepping ~*~*~tactically~*~*~ (cloud).
  9435 | D:8      | Reached XP level 10. HP: 56/63 MP: 10/10
  9435 | D:8      | Reached * piety under Okawaru
  9518 | D:8      | Reached skill level 1 in Invocations
  9542 | D:8      | Noticed a two-headed ogre
  9543 | D:8      | 9543 ||| INVOKING Heroism.
  9544 | D:8      | 9544 ||| INVOKING Heroism.
  9554 | D:8      | HP: 13/63 [two-headed ogre/+0 giant spiked club (25)]
  9555 | D:8      | 9555 ||| READING scroll of teleportation.
  9555 | D:8      | Slain by a two-headed ogre

Levels and vault maps discovered:
D:1:      minmay_arrival_four_circles, layout_basic
D:2:      layout_basic, shapermc_ecumenical_altar_starsandcircs, serial_shops,
          shop
D:3:      layout_loops_cross, gup_sewer_entry_spiral, uniq_pargi, uniq_natasha
D:4:      layout_basic, fedhas_altar_4
D:5:      layout_basic, gammafunk_ghost_abyssal_escape
D:6:      layout_loops_corners, mainiacjoe_overflow_small_starburst,
          gup_ossuary_entry_pyramid, uniq_duvessa
D:7:      layout_cave_pools, minmay_temple_entry_poolview
D:8:      layout_cave_pools, onia_ninara_dug_in_and_dangerous
Temple:   nicolae_temple_two_arcs

Skill      XL: |  1  2  3  4  5  6  7  8  9 10 |
---------------+-------------------------------+-----
Axes           | 2 3 4 5 6 7 9 |  9.0
Fighting       | 4 5 7 |  7.0
Dodging        | 1 |  1.0
Shields        | 6 7 8 |  8.5
Armour         | 5 |  5.4
Invocations    | 1 |  1.5

Action                   |  1- 3 |  4- 6 |  7- 9 | 10-12 || total
-------------------------+-------+-------+-------+-------++-------
Melee: War axe           |   105 |   224 |    93 |       ||   422
       Broad axe         |       |       |   181 |    23 ||   204
Throw: Boomerang         |       |    28 |    18 |       ||    46
Invok: Heroism           |       |       |       |     1 ||     1
  Use: Scroll            |     7 |     2 |    15 |     1 ||    25
       Potion            |       |       |     6 |       ||     6
Armor: Scale mail        |    60 |       |       |       ||    60
       Chain mail        |    12 |   211 |   128 |       ||   351
       Plate armour      |       |       |    44 |    13 ||    57
Dodge: Dodged            |    42 |   112 |   114 |     4 ||   272
Block: Buckler           |    17 |    54 |     3 |       ||    74
       Kite shield       |       |       |   124 |    11 ||   135

Table legend:
 A = Non-vault XP
 B = Vault XP
 C = Vault XP percentage of total XP
 D = Non-vault monster count
 E = Vault monster count
 F = Vault count percentage of total count
                 A         B        C        D         E       F
            +---------+---------+-------+---------+---------+-------
      Total |    4281 |     664 |  13.4 |     161 |      36 |  18.3
            +---------+---------+-------+---------+---------+-------
        D:1 |      13 |       0 |   0.0 |      10 |       0 |   0.0
        D:2 |      53 |       0 |   0.0 |      17 |       0 |   0.0
        D:3 |     252 |     194 |  43.5 |      32 |       7 |  17.9
        D:4 |     215 |       0 |   0.0 |      19 |       0 |   0.0
        D:5 |     618 |       0 |   0.0 |      18 |       0 |   0.0
        D:6 |     802 |     223 |  21.8 |      20 |       3 |  13.0
        D:7 |    1173 |       0 |   0.0 |      24 |       0 |   0.0
        D:8 |    1155 |       0 |   0.0 |      21 |       0 |   0.0
    Ossuary |       0 |     247 | 100.0 |       0 |      26 | 100.0
            +---------+---------+-------+---------+---------+-------
